 Dungeon Crawl Stone Soup version 0.22.1-2-g9c5b331383 (webtiles) character file.

135 Peloso the Shield-Bearer (level 4, -1/40 HPs)
             Began as a Minotaur Fighter on Nov 16, 2018.
             Slain by an orc priest
             ... wielding a cursed -2 hand axe
              (3 damage)
             ... on level 3 of the Dungeon.
             The game lasted 00:03:09 (1265 turns).

Peloso the Shield-Bearer (Minotaur Fighter)         Turns: 1265, Time: 00:03:13

Health: -1/40      AC:  7    Str: 20    XL:     4   Next: 96%
Magic:  12/12      EV:  8    Int:  5    God:
Gold:   57         SH:  9    Dex: 11    Spells: 3/3 levels left

rFire    . . .     SeeInvis .   a - +0 long sword
rCold    . . .     Gourm    .   c - +0 shield
rNeg     . . .     Faith    .   b - +0 scale mail
rPois    .         Spirit   .   (helmet restricted)
rElec    .         Reflect  .   (no cloak)
rCorr    .         Harm     .   (no gloves)
MR       .....                  (no boots)
Stlth    ..........             (no amulet)
HPRegen  0.13/turn              g - ring of magical power
MPRegen  0.13/turn              (no ring)

@: no status effects
A: retaliatory headbutt, horns 2
a: no special abilities


You were on level 3 of the Dungeon.
You were not hungry.

You visited 1 branch of the dungeon, and saw 3 of its levels.

You collected 57 gold pieces.

Inventory:

Hand Weapons
 a - a +0 long sword (weapon)
 k - a +4 spear
Armour
 b - a +0 scale mail (worn)
 c - a +0 shield (worn)
Jewellery
 g - a ring of magical power (left hand)
Scrolls
 e - a scroll of immolation {unknown}
 i - 2 scrolls of identify {unknown}
 j - a scroll of teleportation {unknown}
 m - 2 scrolls of remove curse {unknown}
Potions
 d - a potion of might
 h - a potion of haste {unknown}
 l - a potion of resistance {unknown}
 n - a potion of agility {unknown}
 o - 2 potions of curing {unknown}
 p - a potion of brilliance {unknown}
Comestibles
 f - 3 rations
 q - 3 chunks of flesh


   Skills:
 + Level 4.0 Fighting
 + Level 3.8 Long Blades
 + Level 4.5 Armour
 + Level 1.7 Dodging
 + Level 4.6 Shields


You had 3 spell levels left.
You didn't know any spells.
Your spell library was empty.

Dungeon Overview and Level Annotations

Branches:
Dungeon (3/15)

Altars:


Innate Abilities, Weirdness & Mutations

You reflexively headbutt those who attack you in melee.
You have a pair of horns on your head.


Message History

You closely miss the orc priest.
The orc priest is heavily wounded.
You block the orc priest's attack.
The quokka bites you but does no damage.
The orc hits you but does no damage.
You closely miss the orc priest.
The orc priest is heavily wounded.
The orc priest barely misses you. You block the quokka's attack.
The orc hits you with a flail.
* * * LOW HITPOINT WARNING * * *
The orc priest mumbles some strange prayers to Beogh against you.
Beogh smites you!
* * * LOW HITPOINT WARNING * * *
You hit the orc priest but do no damage.
The orc priest is heavily wounded.
The quokka bites you but does no damage.
A goblin comes into view. It is wielding a club.
You block the quokka's attack.
The orc priest hits you with a hand axe.
You die...

.......... #.#...gK..
#.##(..... #.#.<...r.
#......... #####
###..#.#..## ....#
###....#.# .# ....#
#...##..)##g#####
....####.####..o@oK....#
..>(.....# #....r#.^....
<...###### #.....# .?..#
....# #....<# ...# ....#
####### .## ....# #
....# #####


You could see an orc priest, an orc, a quokka, a goblin and a kobold.

Vanquished Creatures
  Terence (D:2)
  A gnoll (D:1)
  3 adders (D:2)
  An ooze (D:1)
  A worm (D:2)
  4 dart slugs
  A leopard gecko (D:1)
  3 giant cockroaches (D:2)
  4 goblins
  6 hobgoblins
  10 jackals
  5 kobolds
  7 bats
  A frilled lizard (D:2)
  8 rats
56 creatures vanquished.

Notes
Turn   | Place    | Note
-------+----------+-------------------------------------------
     0 | D:1      | Peloso the Minotaur Fighter began the quest for the Orb.
     0 | D:1      | Reached XP level 1. HP: 19/19 MP: 0/0
    71 | D:1      | Reached XP level 2. HP: 16/27 MP: 1/1
   296 | D:1      | Reached XP level 3. HP: 26/33 MP: 2/2
   732 | D:2      | Reached skill level 1 in Dodging
   764 | D:2      | Reached XP level 4. HP: 29/40 MP: 3/3
  1136 | D:2      | Noticed Terence
  1144 | D:2      | Killed Terence
  1264 | D:3      | HP: 2/40 [orc priest/divine providence (9)]
  1265 | D:3      | Slain by an orc priest

Skill      XL: |  1  2  3 |
---------------+----------+-----
Shields        | 4 |  4.6
Armour         | 4 |  4.5
Long Blades    | 3 |  3.8
Dodging        | 1 |  1.7
Fighting       | 4 |  4.0

Action                   |  1- 3 |  4- 6 || total
-------------------------+-------+-------++-------
Melee: Long sword        |    80 |    43 ||   123
       Headbutt          |    19 |     9 ||    28
  Eat: Chunk             |       |     1 ||     1
Armor: Scale mail        |    55 |    19 ||    74
Dodge: Dodged            |    34 |    15 ||    49
Block: Shield            |    44 |    31 ||    75
       Rpst.: Long sword |    13 |     7 ||    20
